 Dungeon Crawl Stone Soup version 0.29-a0-251-g80730f7218 (webtiles) character file.

Game seed: 4375405800628759144

120 fragbeetle the Cutter (level 5, 0/29 HPs)
             Began as a Kobold Artificer on Mar 6, 2022.
             Slain by Ijyb
             ... wielding a +0 dagger
              (3 damage)
             ... on level 3 of the Dungeon.
             The game lasted 00:05:03 (2831 turns).

fragbeetle the Cutter (Kobold Artificer)            Turns: 2831, Time: 00:05:04

Health: 0/29       AC:  3    Str: 11    XL:     5   Next: 25%
Magic:  5/5        EV: 11    Int: 12    God:
Gold:   188        SH:  0    Dex: 16    Spells: 4/4 levels left

rFire   . . .      SeeInvis .   a - +0 short sword
rCold   . . .      Faith    .   (no shield)
rNeg    . . .      Spirit   .   t - +0 scale mail
rPois   .          Reflect  .   (no helmet)
rElec   .          Harm     .   s - +0 cloak
rCorr   +          Rampage  .   (no gloves)
Will    .....                   (no boots)
Stlth   ++........              (no amulet)
HPRegen 0.09/turn               u - ring of resist corrosion
MPRegen 0.09/turn               (no ring)

@: corroded
A: small, no large weapons, nightstalker 3
a: no special abilities


You were on level 3 of the Dungeon.
You visited 1 branch of the dungeon, and saw 3 of its levels.

You collected 188 gold pieces.

Inventory:

Hand Weapons
 a - a +0 short sword (weapon)
 b - a +0 hunting sling
 g - a +0 club
 j - a +0 long sword
 x - a +2 mace of protection
Armour
 s - a +0 cloak (worn)
 t - a +0 scale mail (worn)
 w - a +0 leather armour
Jewellery
 n - a +4 ring of slaying
 q - a ring of flight
 u - a ring of resist corrosion (left hand)
 y - a +6 ring of intelligence
Wands
 d - a wand of charming (15)
Scrolls
 i - 2 scrolls of immolation {unknown}
 k - a scroll of enchant weapon {unknown}
 l - 2 scrolls of identify {unknown}
 m - a scroll of silence {unknown}
 o - a scroll of holy word {unknown}
 p - a scroll of vulnerability {unknown}
 r - 2 scrolls of teleportation {unknown}
Potions
 f - 2 potions of curing {unknown}
 h - 2 potions of heal wounds {unknown}
 v - a potion of lignification {unknown}
 z - a potion of mutation {unknown}
Miscellaneous
 e - a piece from Xom's chessboard (15/15)


   Skills:
 - Level 1.1 Fighting
 + Level 5.8 Short Blades
 - Level 0.7 Armour
 - Level 2.4 Dodging
 - Level 1.4 Stealth
 - Level 3.6 Evocations


You had 4 spell levels left.
You didn't know any spells.
Your spell library contained the following spells:

 Spells                   Type           Power      Damage    Failure   Level
 Sting                    Tmut/Pois      0%         1d3       90%         1
 Freezing Cloud           Conj/Ice/Air   0%         6-21      100%        5
 Simulacrum               Ice/Necr       0%         N/A       100%        6
 Polar Vortex             Ice            0%         N/A       100%        9


Dungeon Overview and Level Annotations

Branches:
Dungeon (3/15)

Altars:
Sif Muna
Trog
Yredelemnul

Annotations:
D:3 Ijyb


Innate Abilities, Weirdness & Mutations

You are small and have problems with some larger weapons.
You are completely attuned to the shadows.


Message History

Ijyb is almost dead.
The rat barely misses you. Ijyb closely misses you.
You closely miss Ijyb.
Ijyb is almost dead.
The rat completely misses you. Ijyb barely misses you.
You hit Ijyb but do no damage.
Ijyb is almost dead.
The rat bites you but does no damage.
Ijyb zaps a wand.
The bolt of acid misses you.
You hit Ijyb but do no damage.
Ijyb is almost dead.
You barely miss Ijyb.
Ijyb is almost dead.
The rat bites you but does no damage.
Ijyb screams, "Me very upset!"
Ijyb closely misses you.
You hit Ijyb.
Ijyb is almost dead.
The rat barely misses you. Ijyb barely misses you.
You hit Ijyb but do no damage.
Ijyb is almost dead.
The rat barely misses you. Ijyb closely misses you.
You hit Ijyb but do no damage.
Ijyb is almost dead.
The rat closely misses you. Ijyb hits you with a +0 dagger.
* * * LOW HITPOINT WARNING * * *
You hit Ijyb but do no damage.
Ijyb is almost dead.
You hit Ijyb but do no damage.
Ijyb is almost dead.
The rat closely misses you. Ijyb hits you with a +0 dagger.
* * * LOW HITPOINT WARNING * * *
You hit Ijyb but do no damage.
Ijyb is almost dead.
The rat bites you but does no damage. Ijyb hits you with a +0 dagger.
* * * LOW HITPOINT WARNING * * *
You hit Ijyb but do no damage.
Ijyb is almost dead.
The rat barely misses you. Ijyb hits you with a +0 dagger.
You die...

#####...##...###
#.##...##.......
#.#...##......##
#.......).....#. ..
#.####........#. ...
#.............#.
...###.########+#..#.
.......# #..)#[#..#.
....@..# #.#.#.#..##
...rg..# #.#<#......
.......####†#####...#
.......##...........(
.....!.##.#.####....#
#.#....#....#
#.#.##.######
#.####.# #......#


You could see Ijyb and a rat.

Vanquished Creatures
  Jessica (D:3)
  A gnoll (D:3)
  2 adders (D:2)
  A dart slug (D:3)
  2 orcs
  3 ball pythons
  2 endoplasms (D:1)
  A giant cockroach (D:2)
  4 hobgoblins (D:1)
  3 jackals (D:1)
  4 quokkas
  6 bats
  4 frilled lizards
  7 goblins
  4 kobolds
  22 rats
67 creatures vanquished.

Vanquished Creatures (others)
  2 fungi (D:3)
  7 plants (D:3)
9 creatures vanquished.

Grand Total: 76 creatures vanquished

Notes
Turn   | Place    | Note
-------+----------+-------------------------------------------
     0 | D:1      | fragbeetle the Kobold Artificer began the quest for the
                  | Orb.
     0 | D:1      | Reached XP level 1. HP: 12/12 MP: 1/1
   250 | D:1      | Reached skill level 1 in Short Blades
   256 | D:1      | Reached XP level 2. HP: 6/16 MP: 2/2
   501 | D:1      | Reached skill level 2 in Short Blades
   768 | D:1      | Reached skill level 3 in Short Blades
   789 | D:1      | Reached XP level 3. HP: 16/20 MP: 3/3
  1731 | D:2      | Reached skill level 4 in Short Blades
  1961 | D:2      | Reached XP level 4. HP: 25/25 MP: 4/4
  2389 | D:3      | Found a basalt altar of Yredelemnul.
  2500 | D:3      | Reached skill level 5 in Short Blades
  2675 | D:3      | Noticed Jessica
  2680 | D:3      | Killed Jessica
  2681 | D:3      | Reached XP level 5. HP: 27/29 MP: 5/5
  2693 | D:3      | Found a shimmering blue altar of Sif Muna.
  2710 | D:3      | Got Sif Muna's Disquisition on Venom
  2786 | D:3      | Found a bloodstained altar of Trog.
  2811 | D:3      | Noticed Ijyb
  2831 | D:3      | Slain by Ijyb

Illustrated notes

Levels and vault maps discovered:
D:1:      dpeg_arrival_pits, layout_basic, minmay_misc_feat_alley
D:2:      layout_basic
D:3:      layout_basic, nzn_overflow_gifts_of_might_and_magic, elyvilon_altar_1,
          amcnicky_altar_gilded, shapermc_ecumenical_altar_mp_ritualfount,
          chequers_avenue, minmay_rat_hole, uniq_grinder, uniq_ijyb

Skill      XL: |  1  2  3  4 |
---------------+-------------+-----
Short Blades   | 1 3 4 5 |  5.8
Fighting       | |  1.1
Armour         | |  0.7
Dodging        | |  2.4
Stealth        | |  1.4
Evocations     | |  3.6

Action                   |  1- 3 |  4- 6 || total
-------------------------+-------+-------++-------
Melee: Short sword       |    82 |    96 ||   178
       Punch             |       |     2 ||     2
 Fire: Hunting sling     |       |     7 ||     7
Evoke: Wand              |    11 |     4 ||    15
 Stab: Sleeping          |     8 |     2 ||    10
Armor: Leather armour    |    30 |       ||    30
       Scale mail        |       |    34 ||    34
Dodge: Dodged            |    53 |    73 ||   126

Table legend: (Time is in decaauts)
 A = Elapsed time spent in this place.
 B = Non-inter-level travel time spent in this place.
 C = Inter-level travel time spent in this place.
 D = Time resting spent in this place.
 E = Time spent auto-exploring this place.
 F = Levels seen in this place.
 G = Mean time per level.
                   A        B        C        D        E       F      G
               +--------+--------+--------+--------+--------+-----+--------+
         Total |   2815 |   2782 |     33 |      0 |   2362 |   3 |  938.3 |
       Dungeon |   2815 |   2782 |     33 |      0 |   2362 |   3 |  938.3 |
               +--------+--------+--------+--------+--------+-----+--------+

Top non-repeatable levels by time:
     D:1: 1481 daAuts
     D:2: 813 daAuts
     D:3: 520 daAuts
